 Dungeon Crawl Stone Soup version 0.28-a0-1504-g839a4452db (webtiles) character file.

Game seed: 8472992158651856825

18026 Cheeritup the Basher (level 12, -7/97 HPs)
             Began as a Formicid Fighter on Jan 13, 2022.
             Was an Elder of the Shining One.
             Killed from afar by a fire dragon (58 damage)
             ... with a blast of flame
             ... on level 2 of the Lair of Beasts.
             The game lasted 00:55:04 (13927 turns).

Cheeritup the Basher (Formicid Fighter)            Turns: 13927, Time: 00:55:05

Health: -7/97      AC: 18    Str: 22    XL:     12   Next: 90%
Magic:  17/19      EV:  5    Int:  8    God:    the Shining One [****..]
Gold:   854        SH: 39    Dex: 14    Spells: 11/11 levels left

rFire   . . .      SeeInvis +   h - +8 flail "Vafyupn" {speed, rElec}
rCold   . . .      Faith    +   q - +18 shield of the Gong {rElec rN+ Will+ EV-5}
rNeg    + + +      Spirit   .   C - +0 plate armour
rPois   .          Reflect  .   (helmet unavailable)
rElec   +          Harm     .   v - +0 cloak
rCorr   .          Rampage  .   z - +0 pair of gloves
Will    +++..                   A - +0 pair of boots
Stlth   ..........              e - amulet of faith
HPRegen 0.26/turn               s - ring of willpower
MPRegen 0.16/turn               D - +4 ring of evasion

@: divinely shielded, glowing
A: permanent stasis, dig shafts and tunnels, antennae 3, four strong arms
a: Dig, Shaft Self, Renounce Religion, Divine Shield, Cleansing Flame


You were on level 2 of the Lair of Beasts.
You worshipped the Shining One.
The Shining One was greatly pleased with you.
You visited 3 branches of the dungeon, and saw 14 of its levels.

You collected 855 gold pieces.
You spent 1 gold pieces at shops.

Inventory:

Hand Weapons
 a - a +1 quarterstaff
 h - the +8 flail "Vafyupn" (weapon) {speed, rElec}
   (You found it on level 4 of the Dungeon)

   Attacks with this weapon are significantly faster.
   rElec:     It insulates you from electricity.
 B - the +6 war axe of Turouh {holy, Will+ Int+4}
   (You found it on level 7 of the Dungeon)

   It has been blessed by the Shining One to cause great damage to the undead
   and demons.
   Int:       It affects your intelligence (+4).
   Will:      It increases your willpower.
 G - a +0 dire flail
 H - a -3 fustibalus
Missiles
 b - 96 sling bullets
 E - a throwing net (quivered)
Armour
 q - the +18 shield of the Gong (worn) {rElec rN+ Will+ EV-5}
   (You found it on level 4 of the Dungeon)

   It is deafeningly noisy when blocking attacks.
   EV:        It affects your evasion (-5).
   rElec:     It insulates you from electricity.
   rN:        It protects you from negative energy.
   Will:      It increases your willpower.
 v - a +0 cloak (worn)
 z - a +0 pair of gloves (worn)
 A - a +0 pair of boots (worn)
 C - a +0 plate armour (worn)
 I - the +3 leather armour "Myuh" {rC++}
   (You found it on level 10 of the Dungeon)

   rC:        It greatly protects you from cold.
Jewellery
 e - an amulet of faith (around neck)
 s - a ring of willpower (left hand)
 D - a +4 ring of evasion (right hand)
 F - a +6 ring of intelligence
 M - a +4 ring of evasion
Wands
 y - a wand of polymorph (10)
 J - a wand of iceblast (4)
 K - a wand of acid (8)
Scrolls
 k - a scroll of amnesia
 l - a scroll of silence
 m - 2 scrolls of fog
 o - 4 scrolls of identify
 r - 5 scrolls of enchant weapon
 t - a scroll of magic mapping
 u - a scroll of holy word
Potions
 c - a potion of haste
 d - 3 potions of might
 f - a potion of brilliance
 g - 4 potions of curing
 i - a potion of degeneration
 j - a potion of magic
 n - 2 potions of cancellation
 p - 4 potions of flight
 w - 2 potions of heal wounds
 x - a potion of berserk rage
 L - 2 potions of ambrosia


   Skills:
 - Level 10.0 Fighting
 + Level 11.6(11.8) Maces & Flails
 - Level 3.5(8.2) Staves
 - Level 10.0 Armour
 - Level 10.0 Shields
 - Level 10.0 Invocations


You had 11 spell levels left.
You didn't know any spells.
Your spell library contained the following spells:

 Spells                   Type           Power      Damage    Failure   Level
 Slow                     Hex            0%         N/A       100%        1
 Corpse Rot               Necr/Air       0%         N/A       100%        2
 Static Discharge         Conj/Air       0%         N/A       100%        2
 Call Canine Familiar     Summ           0%         N/A       100%        3
 Confusing Touch          Hex            0%         N/A       100%        3
 Portal Projectile        Hex/Tloc       0%         N/A       100%        3
 Vampiric Draining        Necr           0%         2d6       100%        3
 Dispel Undead            Necr           0%         3d6       100%        4
 Leda's Liquefaction      Hex/Erth       0%         N/A       100%        4
 Lightning Bolt           Conj/Air       0%         1d11      100%        5
 Death Channel            Necr           0%         N/A       100%        6
 Maxwell's Capacitive Co  Air            0%         ∞         100%        8


Dungeon Overview and Level Annotations

Branches:
Dungeon (11/15)            Temple (1/1) D:4            Lair (2/6) D:10
 Shoals (0/4) Lair:2          Orc (0/2) D:11
  Snake: Lair:2-4    Spider: Lair:2-4

Altars:
Ashenzari
Cheibriados
Dithmenos
Elyvilon
Fedhas
Gozag
Hepliaklqana
Kikubaaqudgha
Makhleb
Nemelex Xobeh
Okawaru
Qazlal
Ru
Sif Muna
Trog
Uskayaw
Vehumet
Wu Jian
Xom
Yredelemnul
Zin
The Shining One

Shops:
D:5 (   D:8 [   D:10 *

Portals:
Trove: D:10 (give +5 ice dragon scales)

Annotations:
D:7 2 transporters, Whiskymancer's ghost, novice OgFi
D:8 Gastronok
Lair:1 3 runed translucent doors, Ymeid's ghost, journeyman GrFi


Innate Abilities, Weirdness & Mutations

You cannot be hasted, slowed, berserked, paralysed or teleported.
You can dig through walls and to a lower floor.
You have a pair of large antennae on your head. (SInv)
Your four strong arms can wield two-handed weapons with a shield.


Message History

Found 6 poisoned darts.
You see here 6 poisoned darts.
You see here 2 potions of lignification.
A fire dragon comes into view.
The fire dragon roars deafeningly!
Press: ? - help, v - describe, . - travel The floor.
Aiming: Corrosive Bolt
Press: ? - help, Shift-Dir - straight line, f - you
Okay, then.
Aiming: Corrosive Bolt
Press: ? - help, Shift-Dir - straight line, f - you
Okay, then.
Aiming: Corrosive Bolt
Press: ? - help, Shift-Dir - straight line, f - fire dragon
Aim: a fire dragon (79% to hit)
The bolt of acid hits the fire dragon!!
The acid corrodes the fire dragon!
The fire dragon is moderately wounded.
The fire dragon breathes flames at you. The blast of flame hits you!
A fire dragon is nearby!
Aiming: Corrosive Bolt
Press: ? - help, Shift-Dir - straight line, f/p - fire dragon
Aim: a fire dragon (moderately wounded, catching its breath, covered in acid, 79% to hit)
The bolt of acid hits the fire dragon!
The fire dragon seems to be corroded for longer.
The fire dragon is moderately wounded.
Your shield is strengthened by the Shining One's divine power.
The fire dragon breathes flames at you. The blast of flame hits you!!
The fire dragon breathes flames at you. The blast of flame misses you.
You barely miss the fire dragon.
The fire dragon is moderately wounded.
You barely miss the fire dragon.
The fire dragon is moderately wounded.
The fire dragon breathes flames at you. The blast of flame hits you!!!
Ouch! That really hurt!
You die...

##.........###.
######....#^^..
#######...##^.^
###....##..##..^^
#...##.#####^.^.^
#.####.##......#
#.# #......^# #.#
####...##### ##@#
#...#...## #.D#
#........# #.##
#.......## #.#
##.##...P# ##.#
#.###...## #..#
#...#...P# #..#
#.......## #....#
#.......##
#......#
#........#


You could see a fire dragon (catching breath, corroded).

Vanquished Creatures
  Harold (Lair:1)
  2 hydras
  A two-headed ogre (D:9)
  Pikel (D:9)
  2 cyclopes
  A wolf spider (Lair:2)
  A merfolk siren (Lair:2)
  3 black mambas (Lair:1)
  Joseph (Lair:1)
  3 cane toads
  Maggie (D:9)
  2 komodo dragons
  A rime drake (Lair:1)
  A guardian mummy (D:10)
  A troll (D:11)
  3 slime creatures (D:6)
  3 blink frogs (Lair:2)
  2 shadows (D:10)
  2 jumping spiders (Lair:2)
  A vampire (D:8)
  5 yaks (D:11)
  3 wyverns (D:10)
  2 steam dragons
  Grum (Lair:1)
  A redback (Lair:2)
  7 water moccasins
  4 orc warriors
  2 black bears (D:10)
  2 ice beasts (D:7)
  An ogre (D:6)
  A necrophage (D:5)
  7 wolves
  6 centaurs
  3 lemures (D:9)
  3 kobold brigands
  6 bullfrogs
  A gnoll sergeant (D:9)
  2 scorpions (D:5)
  A wyvern zombie (D:7)
  A water moccasin skeleton (D:6)
  4 killer bees (D:9)
  15 wights
  3 howler monkeys
  A crimson imp (D:5)
  7 centaur zombies
  2 hounds
  7 jellies
  4 bullfrog skeletons
  5 orc priests
  An iguana (D:6)
  16 orc wizards
  Terence (D:2)
  A hound skeleton (D:4)
  A howler monkey zombie (D:7)
  4 adders
  6 gnolls
  A shadow imp (D:8)
  2 ufetubi
  2 worms
  46 orcs
  8 endoplasms
  2 giant cockroaches (D:3)
  6 goblins
  7 hobgoblins
  17 kobolds
  3 quokkas
  9 ball pythons
  5 bats
  2 frilled lizards
  5 rats
285 creatures vanquished.

Vanquished Creatures (others)
  3 orcs
  20 fungi
  31 plants
  9 toadstools (D:6)
63 creatures vanquished.

Grand Total: 348 creatures vanquished

Notes
Turn   | Place    | Note
-------+----------+-------------------------------------------
     0 | D:1      | Cheeritup the Formicid Fighter began the quest for the Orb.
     0 | D:1      | Reached XP level 1. HP: 18/18 MP: 1/1
   160 | D:1      | Reached XP level 2. HP: 24/24 MP: 2/2
   657 | D:1      | Found a faded altar of an unknown god.
   736 | D:1      | Reached XP level 3. HP: 27/30 MP: 3/3
  1151 | D:2      | Noticed Terence
  1159 | D:2      | Killed Terence
  1160 | D:2      | Reached XP level 4. HP: 37/37 MP: 4/4
  1464 | D:2      | Reached XP level 5. HP: 43/43 MP: 5/5
  2620 | D:3      | Found a broken altar of Ashenzari.
  2626 | D:3      | Found a sparkling altar of Nemelex Xobeh.
  2627 | D:3      | Found a shimmering blue altar of Sif Muna.
  2797 | D:4      | Found a staircase to the Ecumenical Temple.
  2814 | Temple   | Entered the Ecumenical Temple
  2902 | Temple   | Became a worshipper of the Shining One
  2957 | D:4      | Identified the +8 flail "Vafyupn" {speed, rElec}
  3256 | D:4      | Found the +18 shield of the Gong {rElec rN+ Will+ EV-5}
  3268 | D:4      | Reached XP level 6. HP: 50/50 MP: 6/6
  3521 | D:4      | Reached skill level 1 in Maces & Flails
  3526 | D:4      | Reached skill level 5 in Fighting
  3529 | D:4      | Reached skill level 5 in Shields
  3529 | D:4      | Reached skill level 1 in Invocations
  3813 | D:5      | Entered Level 5 of the Dungeon
  3921 | D:5      | Found a stormy altar of Qazlal.
  3925 | D:5      | Reached XP level 7. HP: 55/56 MP: 6/8
  4002 | D:5      | Reached skill level 2 in Maces & Flails
  4016 | D:5      | Reached * piety under the Shining One
  4102 | D:5      | Found Xozut's Weapon Emporium.
  4164 | D:5      | Found a burning altar of Makhleb.
  4203 | D:5      | Reached skill level 3 in Maces & Flails
  4275 | D:5      | Reached XP level 8. HP: 57/62 MP: 9/9
  4477 | D:6      | Reached skill level 4 in Maces & Flails
  4726 | D:6      | Noticed a slime creature
  4726 | D:6      | Noticed a slime creature
  4726 | D:6      | Noticed a slime creature
  5292 | D:6      | Reached skill level 5 in Maces & Flails
  5437 | D:6      | Killed a slime creature
  5438 | D:6      | Reached XP level 9. HP: 59/69 MP: 11/11
  5525 | D:6      | Killed a slime creature
  5526 | D:6      | Reached skill level 5 in Armour
  5532 | D:6      | Killed a slime creature
  5679 | D:7      | Reached skill level 6 in Maces & Flails
  5907 | D:7      | Reached skill level 5 in Invocations
  5978 | D:7      | Noticed Whiskymancer's ghost (novice OgFi)
  5994 | D:7      | Found a transporter.
  6002 | D:7      | Found a transporter.
  6026 | D:7      | Identified the +6 war axe of Turouh {holy, Will+ Int+4}
  6087 | D:7      | Found a shimmering altar of Xom.
  6503 | D:8      | Reached XP level 10. HP: 51/77 MP: 14/14
  6528 | D:8      | Noticed a four-headed hydra
  6539 | D:8      | Killed a four-headed hydra
  6554 | D:8      | Reached ** piety under the Shining One
  6699 | D:8      | Noticed Gastronok
  7073 | D:8      | Found Keresaspa's Dragon-Slaying Spoils.
  7250 | D:9      | Noticed Pikel
  7262 | D:9      | Killed Pikel
  7263 | D:9      | Reached skill level 7 in Maces & Flails
  7267 | D:9      | Noticed Maggie
  7292 | D:8      | Reached *** piety under the Shining One
  7313 | D:9      | Killed Maggie
  8028 | D:9      | Found a bloodstained altar of Trog.
  8077 | D:9      | Found a white marble altar of Elyvilon.
  8282 | D:9      | Noticed a two-headed ogre
  8291 | D:9      | Killed a two-headed ogre
  8292 | D:9      | Reached skill level 10 in Shields
  8292 | D:9      | Reached XP level 11. HP: 86/86 MP: 12/16
  8315 | D:9      | Noticed a cyclops
  8339 | D:9      | Killed a cyclops
  8394 | D:10     | Entered Level 10 of the Dungeon
  8543 | D:10     | Reached skill level 8 in Maces & Flails
  8812 | D:10     | Found a staircase to the Lair.
  8814 | D:10     | Found Gifoschoa's Lightly-Used Armoury.
  8822 | D:10     | Bought a -3 fustibalus for 1 gold piece
  8951 | D:10     | Identified the +3 leather armour "Myuh" {rC++}
  9076 | D:10     | Found a portal to a secret trove of treasure.
  9596 | D:11     | Found a staircase to the Orcish Mines.
  9671 | D:11     | Reached **** piety under the Shining One
  9976 | D:11     | Noticed a cyclops
 10110 | D:11     | Killed a cyclops
 10188 | D:11     | Reached XP level 12. HP: 88/97 MP: 18/18
 10738 | Lair:1   | Entered Level 1 of the Lair of Beasts
 10828 | Lair:1   | Reached skill level 9 in Maces & Flails
 10830 | Lair:1   | Noticed Harold
 10847 | Lair:1   | Killed Harold
 10848 | Lair:1   | Reached skill level 10 in Fighting
 10980 | Lair:1   | Noticed Grum
 11025 | Lair:1   | Killed Grum
 11247 | Lair:1   | Found a runed translucent gate.
 11247 | Lair:1   | Found a runed translucent gate.
 11247 | Lair:1   | Found a runed translucent gate.
 11247 | Lair:1   | Noticed a ten-headed hydra
 11247 | Lair:1   | Noticed Ymeid's ghost (journeyman GrFi)
 11433 | Lair:1   | Found a hide-covered altar of Uskayaw.
 11469 | Lair:1   | Reached skill level 10 in Invocations
 11476 | Lair:1   | Noticed a six-headed hydra
 11494 | Lair:1   | Reached skill level 10 in Armour
 11500 | Lair:1   | Killed a six-headed hydra
 11501 | Lair:1   | Reached skill level 10 in Maces & Flails
 12278 | Lair:1   | Noticed Joseph
 12287 | Lair:1   | Killed Joseph
 12957 | Lair:2   | Found a staircase to the Shoals.
 13059 | Lair:2   | Reached skill level 11 in Maces & Flails
 13911 | Lair:2   | Noticed a fire dragon
 13927 | Lair:2   | Killed from afar by a fire dragon

Illustrated notes

Levels and vault maps discovered:
D:1:      wander_arrival_fairy_ring, layout_loops_corners,
          hellmonk_ecumenical_altar_leap_of_faith, minmay_pentomino_q2
D:2:      layout_loops_cross, uniq_terence
D:3:      layout_loops_ring, minitemple, minmay_quantized
D:4:      layout_loops_ring, temple_green, serial_rivers,
          chequers_serial_rivers_micro_a, chequers_serial_rivers_micro_e,
          chequers_serial_rivers_large_a, chequers_serial_rivers_room_a,
          minmay_ruptured
D:5:      layout_loops_ring, makhleb_grotto_becter, grunt_qazlal_clouds,
          serial_shops, shop
D:6:      cheibrodos_fertilizer, layout_loops_ring
D:7:      layout_rooms, overflow_temple_1_default, gammafunk_ghost_arena
D:8:      layout_rooms, chequers_serial_rivers_micro_e,
          nicolae_shop_dragon_depot, uniq_gastronok
D:9:      layout_rooms, old_standard_altar, lemuel_tele_altar, grunt_tough_drop,
          uniq_pikel, uniq_maggie
D:10:     layout_stronghold, minmay_lair_entry_grove,
          nicolae_trove_entry_path_of_doom, minmay_misc_feat_nine_boxes,
          minmay_shop_damaged
D:11:     nicolae_cairo_tiling_large, layout_basic, david_orc_2
Temple:   eino_temple_lava
Lair:1:   layout_loops_ring, gammafunk_ghost_hydra_chop, lemuel_centaur_altar,
          uniq_harold, uniq_joseph, uniq_grum
Lair:2:   dragon1_lemuel, layout_cellular_growth,
          minmay_shoals_entry_lonely_mermaid, spider_nest_entry_funnel_web

Skill      XL: |  1  2  3  4  5  6  7  8  9 10 11 12 |
---------------+-------------------------------------+-----
Shields        | 4 5 7 8 10 | 10.0
Fighting       | 4 5 6 8 9 10 | 10.0
Staves         | 3 |  3.5
Maces & Flails | 1 3 5 6 7 8 11 | 11.6
Armour         | 4 6 7 9 10 | 10.0
Invocations    | 1 2 3 5 7 9 10 | 10.0

Action                   |  1- 3 |  4- 6 |  7- 9 | 10-12 || total
-------------------------+-------+-------+-------+-------++-------
Melee: Quarterstaff      |    59 |   100 |       |       ||   159
       Flail             |       |    42 |   201 |   564 ||   807
Throw: Throwing net      |       |       |       |     1 ||     1
Invok: Divine Shield     |       |       |     5 |     6 ||    11
 Abil: Dig               |       |       |     1 |     3 ||     4
Evoke: Wand              |       |       |       |     2 ||     2
  Use: Scroll            |       |     5 |    13 |     6 ||    24
       Potion            |       |       |       |     2 ||     2
Armor: Scale mail        |    18 |       |       |       ||    18
       Chain mail        |       |    55 |    10 |       ||    65
       Plate armour      |       |       |     2 |   132 ||   134
Dodge: Dodged            |    25 |    40 |       |    33 ||    98
Block: Buckler           |     9 |    26 |       |       ||    35
       Kite shield       |       |    24 |   154 |   741 ||   919

Table legend: (Time is in decaauts)
 A = Elapsed time spent in this place.
 B = Non-inter-level travel time spent in this place.
 C = Inter-level travel time spent in this place.
 D = Time resting spent in this place.
 E = Time spent auto-exploring this place.
 F = Levels seen in this place.
 G = Mean time per level.
                   A        B        C        D        E       F      G
               +--------+--------+--------+--------+--------+-----+--------+
         Total |  13807 |  13187 |    620 |   1777 |   8488 |  14 |  986.2 |
       Dungeon |  10556 |  10080 |    476 |   1107 |   6538 |  11 |  959.6 |
        Temple |    101 |    101 |      0 |      0 |     49 |   1 |  101.0 |
          Lair |   3149 |   3005 |    144 |    670 |   1901 |   2 | 1574.5 |
               +--------+--------+--------+--------+--------+-----+--------+

Top non-repeatable levels by time:
  Lair:1: 1782 daAuts
  Lair:2: 1367 daAuts
     D:6: 1324 daAuts
    D:10: 1206 daAuts
     D:1: 1155 daAuts
     D:9: 1143 daAuts
    D:11: 1085 daAuts
     D:4: 1022 daAuts
     D:3: 950 daAuts
     D:8: 776 daAuts
     D:5: 640 daAuts
     D:7: 631 daAuts
     D:2: 619 daAuts
  Temple: 101 daAuts
